 Dungeon Crawl Stone Soup version 0.13.0-19-g8e0b589 (webtiles) character file.

196 Kejsarherre the Skirmisher (level 4, -1/45 HPs)
             Began as an Ogre Hunter on Oct 25, 2013.
             Slain by a quokka (3 damage)
             ... on Level 3 of the Dungeon.
             The game lasted 00:02:21 (1832 turns).

Kejsarherre the Skirmisher (Ogre Hunter)            Turns: 1832, Time: 00:02:22

HP  -1/45        AC  3     Str 18      XL: 4   Next: 10%
MP   3/3         EV 10     Int 10      God:
Gold 133         SH  0     Dex 10      Spells:  0 memorised,  3 levels left

Res.Fire  : . . .   See Invis. : .   a - +1 club {=f}
Res.Cold  : . . .   Warding    : .   d - +0 animal skin
Life Prot.: . . .   Conserve   : .   (shield restricted)
Res.Poison: .       Res.Corr.  : .   (helmet restricted)
Res.Elec. : .       Clarity    : .   (no cloak)
Sust.Abil.: . .     Spirit.Shd : .   (gloves unavailable)
Res.Mut.  : .       Stasis     : .   (boots unavailable)
Res.Rott. : .       Flight     : .   s - amulet of inaccuracy {unknown}
Saprovore : + . .                    (no ring)
                                     (no ring)

@: slightly resistant to hostile enchantments, unstealthy
A: unfitting armour, fast metabolism 1, saprovore 1, tough skin 1
a: no special abilities


You were on level 3 of the Dungeon.
You were very hungry.

You visited 1 branch of the dungeon, and saw 3 of its levels.

You collected 113 gold pieces.

Inventory:

Hand weapons
 a - a +1,+1 club (weapon) {=f}
Missiles
 b - 5 large rocks (quivered)
 c - 2 throwing nets
Armour
 d - a +0 animal skin (worn)
Comestibles
 f - 3 meat rations
 j - 2 bread rations
 t - a snozzcumber
Scrolls
 h - 2 scrolls of curse armour {unknown}
 k - a scroll of enchant weapon II {unknown}
 l - 2 scrolls of identify {unknown}
 n - 2 scrolls of noise {unknown}
 q - a scroll of enchant armour {unknown}
 u - a scroll of random uselessness {unknown}
Jewellery
 s - an amulet of inaccuracy (around neck) {unknown}
Potions
 e - 2 potions of flight {unknown}
 g - a potion of restore abilities {unknown}
 i - a potion of mutation {unknown}
 m - a potion of invisibility {unknown}
 o - a potion of heal wounds {unknown}
 p - a potion of curing {unknown}
 r - a potion of agility {unknown}


   Skills:
 + Level 5.2 Fighting
 + Level 2.5 Maces & Flails
 - Level 4.3 Throwing
 - Level 1.7 Dodging
 - Level 0.7 Stealth


You had 3 spell levels left.
You didn't know any spells.

Dungeon Overview and Level Annotations

Branches:
Dungeon (3/27)

Altars:


Innate Abilities, Weirdness & Mutations

You are too large for most types of armour.
You have a fast metabolism.
You can tolerate rotten meat.
You have tough skin (AC +1).


Message History

You miss the quokka. The quokka closely misses you.
You barely miss the quokka. The quokka barely misses you.
You closely miss the quokka. The quokka bites you.
* * * LOW HITPOINT WARNING * * *
The quokka bites you but does no damage.
You miss the quokka. The quokka bites you.
* * * LOW HITPOINT WARNING * * *
You miss the quokka. The quokka closely misses you.
You closely miss the quokka.
The quokka bites you but does no damage.
You hit the quokka but do no damage. The quokka bites you.
* * * LOW HITPOINT WARNING * * *
You closely miss the quokka. The quokka bites you.
* * * LOW HITPOINT WARNING * * *
The quokka bites you.
* * * LOW HITPOINT WARNING * * *
You hit the quokka.
The quokka is severely wounded.
The quokka bites you.
You die...

#.. #...# #...# . ..
#...##..
...####........
...............
...............
#.......r......#
#.......@......#
#..............#
#..............#
#..............#
#####..............#
....................
....................
.....................
.........#######..##


You could see a quokka.

Vanquished Creatures
  2 adders (D:2)
  3 giant geckos
  An ooze (D:1)
  3 giant cockroaches
  6 hobgoblins
  A quokka (D:3)
  A ball python (D:1)
  7 bats
  2 giant newts (D:2)
  8 goblins
  5 kobolds
  5 rats
44 creatures vanquished.

Notes
Turn   | Place    | Note
--------------------------------------------------------------
     0 | D:1      | Kejsarherre, the Ogre Hunter, began the quest for the Orb.
     0 | D:1      | Reached XP level 1. HP: 20/20 MP: 0/0
   297 | D:1      | Reached XP level 2. HP: 21/28 MP: 1/1
   825 | D:2      | Reached XP level 3. HP: 33/36 MP: 2/2
  1423 | D:2      | Reached skill level 5 in Fighting
  1456 | D:2      | Reached XP level 4. HP: 28/45 MP: 3/3
  1831 | D:3      | HP: 2/45 [quokka (4)]
  1832 | D:3      | Slain by a quokka

Action                   |  1- 3 |  4- 6 || total
-------------------------+-------+-------++-------
Melee: Club              |   160 |    60 ||   220
Throw: Large rock        |    10 |       ||    10
